 Dungeon Sprint DCSS version 0.16-a0-3325-g64f94fb (webtiles) character file.

1257 BluebellGnoll the Bludgeoner (level 8, -3/80 HPs)
             Began as an Ogre Hunter on Dec 27, 2014.
             Was a Believer of Okawaru.
             Slain by a catoblepas (5 damage)
             ... in the Dungeon (Sprint IX: "|||||||||||||||||||||||||||||").
             The game lasted 00:03:32 (525 turns).

BluebellGnoll the Bludgeoner (Ogre Hunter)           Turns: 525, Time: 00:03:32

Health: -3/80      AC:  6    Str: 21    XL:     8   Next: 51%
Magic:  8/8        EV:  1    Int: 12    God:    Okawaru [**....]
Gold:   0          SH:  0    Dex: 10    Spells: 0 memorised, 7 levels left

rFire  . . .     SeeInvis .     o - +2 dire flail (holy)
rCold  . . .     Clarity  .     d - +0 animal skin
rNeg   + + +     SustAb   .     (shield restricted)
rPois  ∞         Gourm    .     (helmet restricted)
rElec  .         Spirit   .     p - +0 cloak
rCorr  .         Warding  .     (gloves unavailable)
rMut   .         NoTele   +     (boots unavailable)
MR     .....                    (no amulet)
Stlth  +.........               r - +3 ring of strength
                                q - +2 ring of protection

@: petrified, not resistant to hostile enchantments, very unstealthy
A: unfitting armour, tough skin 1
a: Heroism, Renounce Religion


You were in the Dungeon.
You worshipped Okawaru.
Okawaru was pleased with you.
You were not hungry.

You visited 1 branch

Inventory:

Hand weapons
 o - a +2 dire flail of holy wrath (weapon)
Missiles
 b - 2 large rocks (quivered)
 c - 2 throwing nets
Armour
 d - a +0 animal skin (worn)
 p - a +0 cloak (worn)
Magical staves
 m - an uncursed staff of energy
Jewellery
 q - a +2 ring of protection (left hand)
 r - a +3 ring of strength (right hand)
Magical devices
 l - a wand of fire (1)
Scrolls
 h - 3 scrolls of remove curse
 j - 2 scrolls of amnesia
 k - 2 scrolls of blinking
Potions
 a - a potion of invisibility
 e - 5 potions of curing
 g - 3 potions of heal wounds
 i - 4 potions of magic
Comestibles
 f - a meat ration
 n - 2 chunks of flesh


   Skills:
 - Level 5.1 Fighting
 * Level 16.2 Maces & Flails
 - Level 4.3 Throwing
 + Level 11.1 Dodging
 - Level 0.7 Stealth


You had 7 spell levels left.
You didn't know any spells.

Dungeon Overview and Level Annotations

Branches:
Dungeon (1/1)

Altars:
Cheibriados
Dithmenos
Elyvilon
Fedhas
Gozag
Kikubaaqudgha
Makhleb
Nemelex Xobeh
Okawaru
Qazlal
Ru
Sif Muna
Trog
Vehumet
Xom
Yredelemnul
Zin
The Shining One
Beogh
Jiyva
Lugonu


Innate Abilities, Weirdness & Mutations

You are too large for most types of armour.
You have tough skin (AC +1).


Message History

Throwing (i - inventory. (,) - cycle):
b - 3 large rocks (quivered)
Press: ? - help, Shift-Dir - straight line, f/p - catoblepas
Aim: a catoblepas (calcifying dust, lightly wounded)
You throw a large rock.
The large rock hits the catoblepas but does no damage.
The catoblepas is lightly wounded.
The catoblepas gores you.
* * * LOW HITPOINT WARNING * * *
You have turned to stone.
The catoblepas breathes a plume of calcifying dust at you.
The blast of calcifying dust hits you!
You are engulfed in calcifying dust.
The catoblepas gores you!!
* * * LOW HITPOINT WARNING * * *
You are engulfed in calcifying dust.
The catoblepas breathes a plume of calcifying dust at you.
The blast of calcifying dust hits you!
* * * LOW HITPOINT WARNING * * *
You are engulfed in calcifying dust. x2
The catoblepas gores you!
You die... ▓▓▓▓▓▓▓▓▓▓▓▓▓▓▓▓▓▓▓▓▓▓▓▓▓▓▓▓▓▓ +...)..)(...Y@§)§§.[)...'_____ ▓▓▓▓▓▓▓▓▓▓▓▓▓▓▓▓▓▓▓▓▓▓▓▓▓▓▓▓▓▓

You could see a catoblepas.

Vanquished Creatures
  A centaur warrior (D)
  A gargoyle (D)
  A deep elf mage (D)
  A necrophage (D)
  An ice beast (D)
  A giant frog (D)
  An iguana (D)
  2 worker ants (D)
  An adder (D)
  An adder skeleton (D)
  2 orcs (D)
  2 bat zombies (D)
  A goblin (D)
  A bat (D)
  A giant newt (D)
  3 kobolds (D)
21 creatures vanquished.

Notes
Turn   | Place    | Note
--------------------------------------------------------------
     0 | D        | BluebellGnoll, the Ogre Hunter, began the quest for the Orb.
     0 | D        | Reached XP level 1. HP: 22/22 MP: 1/1
    39 | D        | Reached skill level 5 in Fighting
   233 | D        | Noticed an ice beast
   235 | D        | Reached skill level 1 in Maces & Flails
   241 | D        | Reached XP level 2. HP: 32/35 MP: 2/2
   245 | D        | Killed an ice beast
   245 | D        | Reached skill level 10 in Maces & Flails
   245 | D        | Reached XP level 3. HP: 41/42 MP: 3/3
   245 | D        | Reached XP level 4. HP: 48/50 MP: 4/4
   259 | D        | Found a glowing silver altar of Zin.
   259 | D        | Found a glowing golden altar of the Shining One.
   259 | D        | Found an ancient bone altar of Kikubaaqudgha.
   259 | D        | Found a basalt altar of Yredelemnul.
   259 | D        | Found a shimmering altar of Xom.
   259 | D        | Found a radiant altar of Vehumet.
   259 | D        | Found an iron altar of Okawaru.
   260 | D        | Found a burning altar of Makhleb.
   261 | D        | Found a deep blue altar of Sif Muna.
   262 | D        | Found a bloodstained altar of Trog.
   263 | D        | Found a sparkling altar of Nemelex Xobeh.
   264 | D        | Found a white marble altar of Elyvilon.
   265 | D        | Found a roughly hewn altar of Beogh.
   266 | D        | Found a viscous altar of Jiyva.
   267 | D        | Found a corrupted altar of Lugonu.
   268 | D        | Became a worshipper of Warmaster Okawaru
   269 | D        | Found a blossoming altar of Fedhas.
   270 | D        | Found a snail-covered altar of Cheibriados.
   271 | D        | Found a shadowy altar of Dithmenos.
   272 | D        | Found a stormy altar of Qazlal.
   273 | D        | Found an opulent altar of Gozag.
   274 | D        | Found a sacrificial altar of Ru.
   375 | D        | Noticed a giant frog
   375 | D        | Noticed an iguana
   375 | D        | Noticed a necrophage
   375 | D        | Noticed a worker ant
   388 | D        | Killed a worker ant
   388 | D        | Reached skill level 11 in Maces & Flails
   388 | D        | Reached XP level 5. HP: 47/57 MP: 5/5
   388 | D        | Killed a giant frog
   388 | D        | Reached skill level 12 in Maces & Flails
   388 | D        | Reached skill level 5 in Dodging
   390 | D        | Killed a necrophage
   390 | D        | Acquired Okawaru's first power
   390 | D        | Reached XP level 6. HP: 47/66 MP: 6/6
   391 | D        | Killed an iguana
   391 | D        | Reached skill level 13 in Maces & Flails
   487 | D        | Noticed a catoblepas
   487 | D        | Noticed a deep elf mage
   487 | D        | Noticed a worker ant
   487 | D        | Noticed a centaur warrior
   487 | D        | Noticed a gargoyle
   491 | D        | Killed a worker ant
   492 | D        | Killed a gargoyle
   492 | D        | Reached skill level 14 in Maces & Flails
   492 | D        | Reached XP level 7. HP: 28/72 MP: 7/7
   492 | D        | Killed a deep elf mage
   492 | D        | Reached skill level 15 in Maces & Flails
   492 | D        | Reached skill level 10 in Dodging
   518 | D        | Killed a centaur warrior
   518 | D        | Reached skill level 16 in Maces & Flails
   518 | D        | Reached XP level 8. HP: 24/80 MP: 8/8
   522 | D        | HP: 3/80 [catoblepas (14)]
   523 | D        | HP: 1/80 [catoblepas/blast of calcifying dust (2)]
   525 | D        | Slain by a catoblepas

Action                   |  1- 3 |  4- 6 |  7- 9 || total
-------------------------+-------+-------+-------++-------
Melee: Short sword       |    35 |       |       ||    35
       Whip              |    10 |     6 |       ||    16
       Dire flail        |       |    16 |       ||    16
Throw: Large rock        |       |       |     3 ||     3
Evoke: Wand              |       |     3 |     3 ||     6
  Use: Potion            |     2 |       |       ||     2
